 Dungeon Crawl Stone Soup version 0.31-a0-486-g8d68a81214 (webtiles) character file.

Game seed: 9840759147178273826

2380 LeprechaunX the Ruffian (level 9, -9/61 HPs)
             Began as an Octopode Shapeshifter on Aug 7, 2023.
             Was a Priest of Cheibriados.
             Killed by divine providence
             ... invoked by an orc priest
              (15 damage)
             ... on level 7 of the Dungeon.
             The game lasted 00:07:20 (6523 turns).

LeprechaunX the Ruffian (Octopode Shapeshifter)     Turns: 6523, Time: 00:07:21

Health: -9/61      AC:  1    Str: 24    XL:     9   Next: 45%
Magic:  9/9        EV: 30    Int: 17    God:    Cheibriados [***...]
Gold:   354        SH:  0    Dex: 18    Spells: 8/8 levels left

rFire   . .          .
                       - Unarmed
rCold   . . .        (no shield)
rNeg    . . .        (helmet currently unavailable)
rPois   +            m - amulet of the acrobat
rElec   .            p - ring of poison resistance
rCorr   .            (no ring)
SInv    .            (no ring)
Will    .....        (no ring)
Stlth   +++          (no ring)
HPRegen 0.30/turn    (no ring)
MPRegen 0.11/turn    (no ring)
                     (no ring)

%: acrobat
@: beast-form, acrobatic, very slow
A: beast (slay +5), almost no armour, amphibious, 8 rings, camouflage 1,
gelatinous body 1, (nimble swimmer 1), tentacles
a: Begin Untransformation, Renounce Religion, Bend Time, Temporal Distortion


You were on level 7 of the Dungeon.
You worshipped Cheibriados.
Cheibriados was most pleased with you.
You were a hulking beast.
You visited 1 branch of the dungeon, and saw 7 of its levels.

You collected 354 gold pieces.

Inventory:

Hand Weapons
 a - the +1 sling of the Big Bang {flame, MP+9 Str-2 Int+3 Dex+5}
   (You found it on level 2 of the Dungeon)

   Str:       It affects your strength (-2).
   Int:       It affects your intelligence (+3).
   Dex:       It affects your dexterity (+5).
   MP:        It affects your magic capacity (+9).
Armour
 s - a +0 tower shield
Jewellery
 m - an amulet of the acrobat (around mantle)
 p - a ring of poison resistance (left tentacle)
 t - a ring of ice
 x - a ring of magical power
 G - a ring of magical power
Talismans
 b - a beast talisman (active)
 B - a talisman of death
 F - a blade talisman
Wands
 w - a wand of digging (4)
Scrolls
 f - a scroll of teleportation {unknown}
 i - 9 scrolls of identify {unknown}
 j - 3 scrolls of noise {unknown}
 n - a scroll of fear {unknown}
 q - a scroll of revelation {unknown}
 u - a scroll of silence {unknown}
 v - a scroll of enchant armour {unknown}
 y - a scroll of poison {unknown}
 C - a scroll of enchant weapon {unknown}
 D - 2 scrolls of immolation {unknown}
 E - a scroll of vulnerability {unknown}
 J - a scroll of fog {unknown}
 K - 2 scrolls of amnesia {unknown}
Potions
 c - a potion of cancellation {unknown}
 d - a potion of enlightenment {unknown}
 e - 2 potions of brilliance {unknown}
 g - 2 potions of heal wounds {unknown}
 h - 2 potions of haste {unknown}
 k - 4 potions of curing {unknown}
 l - 2 potions of resistance {unknown}
 o - a potion of might {unknown}
 r - a potion of lignification
 z - a potion of degeneration {unknown}
 A - a potion of magic {unknown}
 H - a potion of invisibility {unknown}
 I - 2 potions of attraction {unknown}


   Skills:
 - Level 5.0 Fighting
 - Level 5.0 Dodging
 + Level 7.3 Unarmed Combat
 * Level 7.3 Shapeshifting


You had 8 spell levels left.
You didn't know any spells.
Your spell library contained the following spells:

 Spells                   Type           Power      Damage    Failure   Level
 Sting                    Tmut/Pois      0%         1d3       24%         1
 Ensorcelled Hibernation  Hex/Ice        0%         N/A       34%         2
 Poisonous Vapours        Pois/Air       0%         N/A       34%         2
 Dazzling Flash           Conj/Hex       0%         N/A       56%         3
 Ozocubu's Armour         Ice            0%         N/A       56%         3
 Volatile Blastmotes      Fire/Tloc      0%         2d10      56%         3
 Anguish                  Hex/Necr       0%         N/A       93%         4
 Olgreb's Toxic Radiance  Pois           0%         N/A       93%         4
 Metabolic Englaciation   Hex/Ice        0%         N/A       100%        5
 Simulacrum               Ice/Necr       0%         N/A       100%        6
 Starburst                Conj/Fire      0%         6d3       100%        6
 Maxwell's Capacitive Co  Air            0%         ∞         100%        8


Dungeon Overview and Level Annotations

Branches:
Dungeon (7/15)             Temple (0/1) D:4

Altars:
Cheibriados
Dithmenos
Elyvilon
Fedhas
Sif Muna
Uskayaw
The Shining One

Shops:
D:4 [

Annotations:
D:3 2 runed translucent doors, Mickster's ghost, amateur OgNe


Innate Abilities, Weirdness & Mutations

You are a hulking beast.
Your limbs bulge with bestial killing power. (Slay +5)
You cannot wear most types of armour.
You are amphibious.
You can wear up to eight rings at the same time.
Your skin changes colour to match your surroundings (Stealth+).
Your rubbery body absorbs attacks. (AC +1, EV +1)
((You are camouflaged when in or above water. (Stealth+)))
You have tentacles for arms and can constrict up to eight enemies at once.


Message History

An orc comes into view.
It is wielding a +2 dagger of holy wrath.
The orc shouts!
The orc warrior completely misses you. The orc priest completely misses you.
Items here: )) [ †.
You bludgeon the orc warrior! You grab the orc warrior.
The orc warrior is heavily wounded.
You constrict the orc warrior, but do no damage.
The orc priest begins to cast a cantrip, but forgets the words!
The orc warrior hits you with a +0 trident!
You tentacle-slap the orc warrior.
The orc warrior is severely wounded.
You constrict the orc warrior, but do no damage.
The orc priest closely misses you.
The orc warrior hits you with a +0 trident!
You barely miss the orc priest. You grab the orc priest.
You squeeze the orc priest.
The orc priest is moderately wounded.
You constrict the orc priest, but do no damage.
You constrict the orc warrior, but do no damage.
The orc priest hits you with a +0 whip.
The orc warrior hits you with a +0 trident!
* * * LOW HITPOINT WARNING * * *
You tentacle-slap the orc warrior.
The orc warrior is severely wounded.
You constrict the orc priest. You constrict the orc warrior.
The orc priest hits you with a +0 whip.
* * * LOW HITPOINT WARNING * * *
The orc warrior hits you with a +0 trident.
* * * LOW HITPOINT WARNING * * *
You tentacle-slap the orc warrior but do no damage.
You squeeze the orc warrior.
You kill the orc warrior!
Cheibriados appreciates the change of pace.
You constrict the orc priest.
The orc priest struggles to escape constriction.
Unknown command.
You release your grip on the orc priest.
The orc priest mumbles some strange prayers to Beogh against you.
Beogh smites you!
You die...

### #.. ... #.# #..
#o####.## #.#
#)oo..... #.# #o#
#.# #h# #.# #!# #.#
#.# #.#####.####.#
#####............#
###
#..................
....
#.########.########
.### #.# #.# #.#
#.#


You could see an orc priest and 2 orcs.

Vanquished Creatures
  A two-headed ogre (D:6)
  Grinder (D:4)
  A water moccasin (D:5)
  An ice beast (D:6)
  2 orc warriors (D:7)
  An ogre (D:6)
  2 black bears (D:6)
  A sky beast (D:6)
  A phantom (D:5)
  A bullfrog (D:6)
  2 scorpions
  3 hounds
  2 jellies (D:5)
  4 orc priests (D:6)
  Natasha (D:4)
  2 iguanas
  2 orc wizards (D:6)
  Robin (D:4)
  7 adders
  2 white imps
  2 ufetubi (D:4)
  4 worms
  A dart slug (D:4)
  16 orcs
  5 ball pythons
  5 bats
  7 endoplasms
  3 giant cockroaches
  15 goblins
  9 hobgoblins
  3 jackals (D:4)
  6 kobolds
  A quokka (D:1)
  5 frilled lizards
  7 rats
127 creatures vanquished.

Notes
Turn   | Place    | Note
-------+----------+-------------------------------------------
     0 | D:1      | LeprechaunX the Octopode Shapeshifter began the quest for
                  | the Orb.
     0 | D:1      | Reached XP level 1. HP: 13/13 MP: 1/1
   119 | D:1      | Reached XP level 2. HP: 18/18 MP: 2/2
   528 | D:1      | Found a faded altar of an unknown god.
   833 | D:2      | Reached XP level 3. HP: 17/23 MP: 3/3
  1128 | D:2      | Reached XP level 4. HP: 29/29 MP: 4/4
  1394 | D:2      | Identified the +1 sling of the Big Bang {flame, MP+9 Str-2
                  | Int+3 Dex+5}
  1443 | D:2      | Found a snail-covered altar of Cheibriados.
  1465 | D:2      | Became a worshipper of Cheibriados the Contemplative
  1915 | D:3      | Found a glowing golden altar of the Shining One.
  1918 | D:3      | Found a shadowy altar of Dithmenos.
  1934 | D:3      | Found a runed translucent door.
  1937 | D:3      | Noticed Mickster's ghost (amateur OgNe)
  2651 | D:3      | Found a runed translucent door.
  2899 | D:4      | Found Qurouno's Antique Armour Shop.
  2930 | D:4      | Noticed Grinder
  2931 | D:4      | Paralysed by Grinder for 2 turns
  2947 | D:4      | Killed Grinder
  2948 | D:4      | Reached skill level 5 in Unarmed Combat
  2948 | D:4      | Reached XP level 5. HP: 31/35 MP: 5/5
  2948 | D:4      | Reached XP level 6. HP: 36/41 MP: 6/6
  3016 | D:4      | Noticed Natasha
  3018 | D:4      | Killed Natasha
  3049 | D:4      | Found a blossoming altar of Fedhas.
  3202 | D:4      | Reached * piety under Cheibriados
  3212 | D:4      | Noticed Robin
  3224 | D:4      | Killed Robin
  3428 | D:4      | Found a staircase to the Ecumenical Temple.
  3711 | D:4      | Reached XP level 7. HP: 38/46 MP: 7/7
  3858 | D:4      | Reached ** piety under Cheibriados
  4146 | D:5      | Entered Level 5 of the Dungeon
  4312 | D:5      | Found a hide-covered altar of Uskayaw.
  4313 | D:5      | Noticed a +0 dagger
  4313 | D:5      | Noticed a +0 hand axe
  5025 | D:5      | Found a shimmering blue altar of Sif Muna.
  5490 | D:6      | Reached XP level 8. HP: 54/54 MP: 8/8
  5504 | D:6      | Reached skill level 5 in Shapeshifting
  5907 | D:6      | Found a white marble altar of Elyvilon.
  5990 | D:6      | Noticed a two-headed ogre
  5999 | D:6      | Killed a two-headed ogre
  6000 | D:6      | Reached skill level 5 in Fighting
  6000 | D:6      | Reached skill level 5 in Dodging
  6000 | D:6      | Reached XP level 9. HP: 61/61 MP: 1/9
  6510 | D:7      | Reached *** piety under Cheibriados
  6523 | D:7      | Killed from afar by an orc priest

Illustrated notes

Levels and vault maps discovered:
D:1:      eino_arrival_cavern_d, layout_basic, chequers_ecumenical_altar_lobes
D:2:      layout_basic, basic_altar, minivault_5, hex_intersection
D:3:      layout_basic, nicolae_overflow_squiral, ebering_ghost_sewer_f,
          roderic_lattice_a
D:4:      layout_basic, fedhas_ov_isle_minmay, minmay_temple_entry_trees,
          serial_shops, shop, serial_curves, eino_curves_01, eino_curves_04,
          eino_curves_04, corexii_corridor_pit, serial_bayou_pond_c,
          grunt_decor_junction, uniq_robin, uniq_grinder, uniq_natasha
D:5:      layout_basic, nicolae_sif_muna_condensation, dancing_weapons_uskayaw,
          dk_noncrumbling_4, hangedman_abyss_or_decor_lesser_grid, hex_tiny,
          kennysheep_path_1
D:6:      layout_loops_corners, mainiacjoe_overflow_six_doors_small,
          minmay_circle_x
D:7:      layout_basic, enter_bailey_5, chequers_serial_rivers_room_a,
          serial_bayou_pond_e

Skill      XL: |  1  2  3  4  5  6  7  8  9 |
---------------+----------------------------+-----
Unarmed Combat | 5 6 7 |  7.3
Fighting       | 2 3 5 |  5.0
Dodging        | 3 4 5 |  5.0
Shapeshifting  | 4 6 7 |  7.3

Action                     |  1- 3 |  4- 6 |  7- 9 || total
---------------------------+-------+-------+-------++-------
  Melee: Unarmed           |    54 |    36 |    52 ||   142
         Tentacles         |     9 |     3 |    11 ||    23
         Constrict         |    15 |     6 |     9 ||    30
         Punch             |       |     1 |       ||     1
   Fire: Sling             |       |    66 |    83 ||   149
    Use: Potion            |       |       |     1 ||     1
   Stab: Sleeping          |     6 |     1 |       ||     7
 Armour: Skin              |     6 |     1 |    10 ||    17
  Dodge: Dodged            |    35 |    23 |    27 ||    85

Table legend: (Time is in decaauts)
 A = Elapsed time spent in this place.
 B = Non-inter-level travel time spent in this place.
 C = Inter-level travel time spent in this place.
 D = Time resting spent in this place.
 E = Time spent auto-exploring this place.
 F = Levels seen in this place.
 G = Mean time per level.
                   A        B        C        D        E       F      G
               +--------+--------+--------+--------+--------+-----+--------+
         Total |   8006 |   7705 |    301 |    175 |   6707 |   7 | 1143.7 |
       Dungeon |   8006 |   7705 |    301 |    175 |   6707 |   7 | 1143.7 |
               +--------+--------+--------+--------+--------+-----+--------+

Top non-repeatable levels by time:
     D:6: 1726 daAuts
     D:4: 1679 daAuts
     D:3: 1373 daAuts
     D:5: 1292 daAuts
     D:2: 983 daAuts
     D:1: 791 daAuts
     D:7: 159 daAuts
